 Dungeon Crawl Stone Soup version 0.23.0-2-g0fe3ce5 (webtiles) character file.

Game seed: 15429578939349032986

2195 Paps the Covert (level 9, -7/60 HPs)
             Began as a Vampire Enchanter on Feb 19, 2019.
             Mangled by Joseph
             ... wielding a +0 quarterstaff
              (17 damage)
             ... on level 7 of the Dungeon.
             The game lasted 00:21:47 (6714 turns).

Paps the Covert (Vampire Enchanter)                 Turns: 6714, Time: 00:21:49

Health: -7/60      AC:  0    Str: 10    XL:     9   Next: 12%
Magic:  0/15       EV: 21    Int: 18    God:
Gold:   347        SH:  2    Dex: 19    Spells: 10/16 levels left

rFire    . . .     SeeInvis +   (weapon currently unavailable)
rCold    + + .     Gourm    .   (shield currently unavailable)
rNeg     + + +     Faith    .   (armour currently unavailable)
rPois    ∞         Spirit   .   (helmet currently unavailable)
rElec    .         Reflect  +   (cloak currently unavailable)
rCorr    .         Harm     .   (gloves currently unavailable)
MR       .....                  (boots currently unavailable)
Stlth    ++++++++..             g - +2 amulet of reflection
HPRegen  0.00/turn              (ring currently unavailable)
MPRegen  0.14/turn              (ring currently unavailable)

@: bat-form, flying, very slightly contaminated, bloodless, non-regenerating,
very quick
A: tiny, rotting body, fangs 3, see invisible
a: End Transformation


You were on level 7 of the Dungeon.
You were bloodless.
You were in vampire-bat-form.
You visited 1 branch of the dungeon, and saw 7 of its levels.
You also visited: Ossuary.

You collected 347 gold pieces.

Inventory:

Hand Weapons
 a - a +5 dagger (melded)
Armour
 b - a +0 pair of gloves (melded)
 l - a +2 helmet (melded)
 m - a +0 pair of boots (melded)
 t - a +1 robe of resistance (melded)
Jewellery
 g - a +2 amulet of reflection (around neck)
 x - a ring of protection from fire (melded)
Scrolls
 c - 2 scrolls of remove curse
 h - 2 scrolls of random uselessness {unknown}
 i - 9 scrolls of identify {unknown}
 k - a scroll of fear {unknown}
 p - 3 scrolls of immolation {unknown}
 r - 3 scrolls of amnesia {unknown}
 s - 3 scrolls of teleportation {unknown}
 u - a scroll of enchant weapon {unknown}
 v - a scroll of fog {unknown}
 y - a scroll of magic mapping {unknown}
 B - a scroll of enchant armour {unknown}
Potions
 d - 14 potions of blood
 e - 3 potions of lignification {unknown}
 f - a potion of berserk rage {unknown}
 j - 2 potions of magic {unknown}
 n - 2 potions of mutation {unknown}
 o - 3 potions of flight {unknown}
 q - 2 potions of agility
 w - a potion of degeneration {unknown}
 z - 2 potions of curing {unknown}
 A - a potion of invisibility {unknown}
 C - a potion of haste {unknown}


   Skills:
 + Level 1.6 Fighting
 + Level 4.0 Short Blades
 + Level 2.9 Dodging
 * Level 13.7 Stealth
 + Level 4.3 Spellcasting
 * Level 8.9 Hexes


You had 10 spell levels left.
You knew the following spells:

 Your Spells              Type           Power        Failure   Level  Hunger
a - Corona                Hex            #####..      1%          1    None
b - Ensorcelled Hibernat  Hex/Ice        ###...       3%          2    ##.....
c - Confuse               Hex            #####...     1%          3    ###....

Your spell library contained the following spells:

 Spells                   Type           Power        Failure   Level  Hunger
 Tukima's Dance           Hex            #####...     1%          3    ###....
 Dazzling Spray           Conj/Hex       ###...       7%          3    ###....


Dungeon Overview and Level Annotations

Branches:
Dungeon (7/15)
 Temple: D:4-7

Altars:
Ashenzari
Dithmenos
Gozag
Makhleb
Nemelex Xobeh
Trog
Vehumet
The Shining One

Annotations:
D:7 Joseph


Innate Abilities, Weirdness & Mutations

Your body is rotting away.
You thrive on raw meat.
You do not heal naturally.
You are immune to poison.
You have razor-sharp teeth.
You have supernaturally acute eyesight. (SInv)
((You can survive without breathing.))


Message History

Joseph is lightly wounded.
Joseph hits you with a +0 quarterstaff.
* * * LOW HITPOINT WARNING * * *
You hit Joseph.
Joseph is lightly wounded.
You hit Joseph.
Joseph is lightly wounded.
Joseph completely misses you.
You hit Joseph.
Joseph is lightly wounded.
Joseph hits you with a +0 quarterstaff.
* * * LOW HITPOINT WARNING * * *
You turn into a vampire bat.
Your +5 dagger melds into your body.
Your +2 helmet melds into your body.
Your +0 pair of gloves melds into your body.
Your +0 pair of boots melds into your body.
Your +1 robe of resistance melds into your body.
Your ring of protection from fire melds into your body.
You feel hot and cold all over. Joseph hits you with a +0 quarterstaff!
You die...

#.# #.####..#
#.# #.. ...#
#.###########
#...# ###.#
### #.#
##.###.#
##.#.##.##
##b###....#
#@## ##.#.#
##.## ....# #
##)#.#####
#.####
#.h)......#
##.#...
#.....>...#
#......
#....y@...#
#...#<..
#?...oy...#
#. #...
............
#.....


You could see Joseph.

Vanquished Creatures
  Eustachio (D:5)
  2 orc warriors
  An ice beast (D:6)
  A phantom (D:7)
  A sky beast (D:7)
  A centaur (D:7)
  A bullfrog (D:5)
  3 scorpions
  2 killer bees (D:7)
  A howler monkey (D:5)
  A centaur zombie (D:6)
  2 bullfrog zombies
  2 crimson imps (D:5)
  9 hounds
  6 orc priests
  An iguana (D:5)
  4 orc wizards
  2 worker ants
  8 big kobold zombies (Ossuary)
  A mummy (Ossuary)
  Robin (D:3)
  3 gnolls (D:4)
  6 adders
  A shadow imp (D:5)
  3 oozes
  3 worms
  3 dart slugs
  6 leopard geckos
  10 orcs
  A spectral bat (Ossuary)
  2 giant cockroaches (D:2)
  17 goblins
  7 hobgoblins
  8 jackals
  4 quokkas
  A ball python (D:3)
  10 bats
  4 frilled lizards
  4 gnoll zombies (Ossuary)
  3 goblin simulacra (Ossuary)
  3 goblin zombies (Ossuary)
  5 hobgoblin zombies (Ossuary)
  6 kobolds
  3 kobold simulacra (Ossuary)
  9 kobold zombies (Ossuary)
  An orc zombie (Ossuary)
  A quokka zombie (D:5)
  8 rats
  4 rat simulacra (Ossuary)
  3 spectral goblins (Ossuary)
  3 spectral kobolds (Ossuary)
  2 spectral rats (Ossuary)
195 creatures vanquished.

Notes
Turn   | Place    | Note
-------+----------+-------------------------------------------
     0 | D:1      | Paps the Vampire Enchanter began the quest for the Orb.
     0 | D:1      | Reached XP level 1. HP: 13/13 MP: 3/3
   191 | D:1      | Reached XP level 2. HP: 18/19 MP: 5/5
   198 | D:1      | Learned a level 2 spell: Ensorcelled Hibernation
   283 | D:1      | Reached skill level 5 in Stealth
   608 | D:1      | Reached skill level 5 in Hexes
   618 | D:1      | Reached XP level 3. HP: 24/24 MP: 1/6
   623 | D:1      | Learned a level 3 spell: Confuse
  1347 | D:2      | Reached skill level 6 in Stealth
  1423 | D:2      | Reached XP level 4. HP: 30/30 MP: 7/7
  1688 | D:3      | Found a shattered altar of Ashenzari.
  1694 | D:3      | Found a shadowy altar of Dithmenos.
  1694 | D:3      | Found a radiant altar of Vehumet.
  1833 | D:3      | Found a faded altar of an unknown god.
  2223 | D:3      | Reached XP level 5. HP: 35/35 MP: 3/8
  2463 | D:4      | Noticed Robin
  2638 | D:3      | Reached skill level 7 in Stealth
  2922 | D:3      | Killed Robin
  3031 | D:3      | Reached XP level 6. HP: 34/42 MP: 2/10
  3142 | D:4      | Reached skill level 8 in Stealth
  3232 | D:4      | Found a sparkling altar of Nemelex Xobeh.
  3907 | D:5      | Entered Level 5 of the Dungeon
  4257 | D:5      | Reached XP level 7. HP: 47/47 MP: 10/12
  4340 | D:5      | Reached skill level 9 in Stealth
  4496 | D:5      | Reached skill level 1 in Fighting
  4543 | D:5      | Found a glowing golden altar of the Shining One.
  4552 | D:5      | Noticed Eustachio
  4559 | D:5      | Killed Eustachio
  4559 | D:5      | Reached skill level 10 in Stealth
  4641 | D:5      | Found an opulent altar of Gozag.
  4948 | D:5      | Reached XP level 8. HP: 54/54 MP: 13/13
  5033 | D:6      | Found a glowing golden altar of the Shining One.
  5185 | D:6      | Reached skill level 11 in Stealth
  5541 | D:6      | Found a bloodstained altar of Trog.
  5873 | D:6      | Reached skill level 12 in Stealth
  6042 | D:7      | Found a sand-covered staircase.
  6046 | Ossuary  | Entered an ossuary
  6586 | D:7      | Found a burning altar of Makhleb.
  6609 | D:7      | Reached skill level 13 in Stealth
  6644 | D:7      | Reached XP level 9. HP: 60/60 MP: 9/15
  6697 | D:7      | Noticed Joseph
  6714 | D:7      | Mangled by Joseph

Skill      XL: |  1  2  3  4  5  6  7  8  9 |
---------------+----------------------------+-----
Stealth        | 5 6 7 8 10 13 | 13.7
Hexes          | 5 7 8 |  8.9
Short Blades   | 2 3 4 |  4.0
Spellcasting   | 3 4 |  4.3
Fighting       | 1 |  1.6
Dodging        | |  2.9

Action                   |  1- 3 |  4- 6 |  7- 9 || total
-------------------------+-------+-------+-------++-------
Melee: Dagger            |   110 |   125 |   218 ||   453
       Bite              |     5 |    10 |    11 ||    26
 Cast: Ensorcelled Hiber |    12 |    42 |    12 ||    66
       Confuse           |       |     6 |     8 ||    14
 Abil: Bat Form          |       |       |     1 ||     1
  Use: Potion            |       |     2 |     1 ||     3
       Scroll            |       |     1 |     1 ||     2
 Stab: Sleeping          |    22 |    38 |    51 ||   111
       Confused          |       |     3 |     5 ||     8
Armor: Robe              |    23 |    27 |    33 ||    83
Dodge: Dodged            |    85 |    88 |    67 ||   240
Block: Other             |     6 |    11 |     6 ||    23
